Map: Romanticide LE

Players

abe

  • Race: Zerg Zerg

ViBE - Winner!

  • Race: Zerg Zerg
  • League: Diamond

VOD

Have the link to the VOD?

Description

Time

  • Played on: April 21, 2021, 10:36 p.m.
  • Length: 9:16
Show
View Real Time Build Order
Export as new Build Order

abe Zerg 

Build Orders: 1 Base Baneling Bust, Pool First 

Get SALT Encoding   

  12  0:18  Spawning Pool  
  11  0:21  Drone  
  11  0:26  Drone  
  13  0:30  Drone  
  14  0:39  Overlord  
  14  1:06  Zergling x6  
  14  1:08  Queen  
  19  1:16  Extractor  
  19  1:17  Zergling x2  
  19  1:29  Zergling x2  
  20  1:42  Zergling x2  
  21  1:51  Zergling x2  
  22  2:00  Overlord  
  22  2:06  Baneling Nest  
  21  2:21  Zergling x8  
  23  2:38  Zergling x2  
  24  2:49  Baneling x5  
  24  2:52  Zergling x4  
  26  3:12  Zergling x2  
  27  3:14  Drone  
  27  3:17  Hatchery  
  18  3:42  Zergling x6  
  18  3:47  Baneling x2  
  21  3:52  Drone x3  
  24  4:02  Spine Crawler  
  23  4:12  Drone x2  
  23  4:16  Metabolic Boost  
  25  4:27  Drone  
  25  4:28  Drone x2  
  27  5:00  Drone  
  28  5:12  Overlord  
  28  5:13  Overlord  
  27  5:28  Roach Warren, Queen  
  28  5:36  Drone x5  
  28  5:37  Drone x4  
  37  5:43  Queen  
  39  5:57  Evolution Chamber  
  39  6:01  Drone x5  
  42  6:12  Drone  
  40  6:21  Queen  
  40  6:22  Queen  
  43  6:25  Overlord x2  
  43  6:29  Extractor  
  44  6:32  Roach  
  44  6:44  Roach x4  
  44  6:45  Roach  
  54  6:51  Roach  
  56  7:08  Roach x2  
  60  7:09  Overlord x2  
  60  7:10  Overlord  
  60  7:20  Overlord  
  60  7:25  Overlord x2  
  60  7:27  Queen x2  
  64  7:34  Roach  
  66  7:46  Roach x4  
  66  7:47  Roach  
  76  7:52  Zergling x8  
  80  8:06  Zergling x2  
  80  8:07  Zergling x2  
  80  8:10  Overlord  
  82  8:34  Baneling x11  
  82  8:35  Baneling  
  80  8:48  Zergling x2  
  74  8:49  Zergling x20  
Show
View Real Time Build Order
Export as new Build Order

ViBE Zerg - Winner!

Build Orders: Hatch First 

Get SALT Encoding   

  12  0:00  Drone  
  13  0:13  Overlord  
  13  0:21  Drone  
  14  0:36  Drone x3  
  17  0:54  Hatchery  
  16  1:01  Drone  
  17  1:06  Drone  
  18  1:16  Spawning Pool  
  17  1:19  Extractor  
  17  1:24  Drone x2  
  18  1:31  Drone  
  19  1:48  Overlord  
  19  2:06  Queen, Zergling x6  
  26  2:14  Zergling x2  
  27  2:19  Baneling Nest  
  23  2:38  Spine Crawler  
  23  2:42  Queen  
  24  2:47  Zergling x2  
  24  2:48  Zergling x6  
  24  2:49  Zergling x2  
  29  3:02  Baneling  
  29  3:07  Overlord  
  29  3:11  Baneling  
  28  3:33  Drone x4  
  31  3:34  Baneling  
  31  3:35  Baneling  
  31  3:41  Queen  
  33  3:43  Drone  
  34  4:01  Hatchery  
  33  4:05  Drone x2  
  35  4:10  Metabolic Boost  
  35  4:27  Drone x2  
  37  4:36  Overlord  
  32  4:46  Drone  
  32  4:47  Drone x2  
  32  4:48  Lair  
  32  4:51  Extractor  
  34  5:04  Drone  
  35  5:12  Drone x3  
  38  5:27  Drone x4  
  42  5:39  Overlord  
  42  5:42  Drone  
  43  5:47  Spire  
  43  5:49  Drone x3  
  47  5:50  Drone x2  
  47  5:54  Drone  
  47  5:55  Drone x2  
  50  5:58  Extractor  
  50  5:59  Extractor  
  48  6:07  Drone x2  
  47  6:21  Drone x6  
  53  6:31  Overlord  
  53  6:32  Overlord x2  
  53  6:34  Hatchery  
  53  6:38  Zergling x2  
  53  6:39  Zergling x2  
  54  6:51  Overlord  
  54  6:59  Mutalisk  
  54  7:00  Mutalisk x5  
  65  7:13  Zerg Flyer Weapons Level 1  
  65  7:22  Drone x7  
  72  7:36  Spine Crawler  
  71  7:37  Spine Crawler  
  71  7:38  Spine Crawler  
  71  7:40  Spine Crawler  
  71  7:41  Spine Crawler  
  71  7:42  Spine Crawler  
  71  7:43  Spine Crawler  
  65  7:45  Mutalisk  
  65  7:46  Mutalisk x3  
  65  7:48  Zergling x8  
  77  7:52  Queen  
  77  7:58  Mutalisk  
  81  8:21  Zergling x2  
  81  8:22  Zergling x2  
  81  8:24  Overlord x6  
  83  8:35  Overlord  
  82  8:44  Mutalisk x5  
  82  8:47  Zergling x4  
Tags
 
Add a new tag
Caveats
  • Supply blocks, unpowered buildings, or Contaminate may cause inaccurate times.
  • Supply counts are checked every 10 seconds.